 Dungeon Crawl Stone Soup version 0.19.5 (webtiles) character file.

7711 snowfan the Destroyer (level 11, -2/54 HPs)
             Began as a Deep Elf Wizard on May 10, 2017.
             Was a Priest of Sif Muna.
             Slain by an unseen horror (10 damage)
             ... on level 11 of the Dungeon.
             The game lasted 01:06:32 (11307 turns).

snowfan the Destroyer (Deep Elf Wizard)            Turns: 11307, Time: 01:06:32

Health: -2/54      AC:  4    Str:  4    XL:     11   Next: 0%
Magic:  2/24       EV: 20    Int: 27    God:    Sif Muna [***...]
Gold:   536        SH:  0    Dex: 16    Spells: 6 memorised, 12 levels left

rFire  . . .     SeeInvis .     f - +1 hunting sling
rCold  . . .     Gourm    .     a - +0 robe
rNeg   + . .     Faith    .     (no shield)
rPois  .         Spirit   .     b - +1 hat
rElec  .         Reflect  .     V - +0 cloak
rCorr  .         Harm     .     (no gloves)
MR     +....                    (no boots)
Stlth  ++........               B - amulet of magic regeneration
                                m - ring of positive energy
                                t - +3 ring of dexterity

@: hasted, divine energy, very quick
A: no striking features
a: Stop Divine Energy, Channel Magic, Renounce Religion


You were on level 11 of the Dungeon.
You worshipped Sif Muna.
Sif Muna was most pleased with you.
You were not hungry.

You visited 2 branches of the dungeon, and saw 12 of its levels.

You collected 536 gold pieces.

Inventory:

Hand Weapons
 f - a +1 hunting sling (weapon)
 L - a +2 whip of freezing
Missiles
 h - 208 stones
 p - 18 sling bullets (quivered)
Armour
 a - a +0 robe (worn)
 b - a +1 hat (worn)
 V - a +0 cloak (worn)
Magical Staves
 e - an uncursed staff of conjuration
Jewellery
 m - a ring of positive energy (right hand)
 t - a +3 ring of dexterity (left hand)
 y - an uncursed amulet of the gourmand
 B - an amulet of magic regeneration (around neck)
 C - a +2 amulet of reflection
 I - an uncursed ring of fire
 P - a +3 ring of protection
 T - an uncursed ring of ice
Wands
 n - a wand of random effects (27/48)
 r - a wand of disintegration (17/24)
 v - a wand of iceblast (10/15)
 E - a wand of iceblast (2/15)
 G - a wand of lightning (1/15)
 M - a wand of teleportation (6/9)
 N - a wand of confusion (24/48)
 R - a wand of teleportation (3/9)
 Z - a wand of flame (27/48)
Scrolls
 i - a scroll of remove curse
 k - 4 scrolls of identify
 l - 3 scrolls of noise
 w - 6 scrolls of enchant armour
 x - 2 scrolls of recharging
 F - 2 scrolls of teleportation
 J - a scroll of fear
 Q - a scroll of acquirement
 X - a scroll of fog {unknown}
Potions
 o - 4 potions of brilliance
 s - 2 potions of curing
 z - 2 potions of beneficial mutation {unknown}
 A - a potion of flight {unknown}
 H - a potion of resistance {unknown}
 K - a potion of magic {unknown}
 O - 3 potions of degeneration {unknown}
 S - a potion of berserk rage {unknown}
 W - 2 potions of agility {unknown}
 Y - a potion of ambrosia {unknown}
Books
 c - a book of Minor Magic

   Spells                             Type                      Level
   a - Magic Dart                     Conjuration                  1
   b - Blink                          Translocation                2
   c - Call Imp                       Summoning                    2
   d - Repel Missiles                 Charms/Air                   2
   e - Slow                           Hexes                        2
   f - Conjure Flame                  Conjuration/Fire             3
   g - Mephitic Cloud                 Conjuration/Poison/Air       3
Comestibles
 d - 7 bread rations
 g - 27 fruits
 j - a slice of pizza
 u - 3 meat rations
 D - 2 royal jellies
 U - 3 beef jerkies


   Skills:
 - Level 10.6 Dodging
 - Level 2.4 Stealth
 - Level 7.9 Spellcasting
 - Level 12.8 Conjurations
   Level 1.1 Summonings
 - Level 4.0 Translocations
 + Level 5.7 Invocations


You had 12 spell levels left.
You knew the following spells:

 Your Spells              Type           Power        Failure   Level  Hunger
a - Magic Dart            Conj           ####         1%          1    None
b - Blink                 Tloc           N/A          1%          2    None
c - Mephitic Cloud        Conj/Pois/Air  ####....     2%          3    None
d - Conjure Flame         Conj/Fire      #####...     1%          3    None
l - Slow                  Hex            ##......     12%         2    None
m - Repel Missiles        Chrm/Air       ##....       12%         2    None


Dungeon Overview and Level Annotations

Branches:
Dungeon (11/15)            Temple (1/1) D:4            Lair (0/6) D:11
    Orc (0/2) D:10

Altars:
Ashenzari
Cheibriados
Dithmenos
Fedhas
Gozag
Hepliaklqana
Kikubaaqudgha
Makhleb
Nemelex Xobeh
Okawaru
Qazlal
Ru
Sif Muna
Trog
Uskayaw
Vehumet
Xom
Yredelemnul
Zin
The Shining One
Beogh

Annotations:
D:11 Josephine


Message History

Aim: a hill giant, wielding a giant club (heavily wounded)
The magic dart hits something.
Something hits you!
Casting: Magic Dart
Confirm with . or Enter, or press ? or * to list all spells.
You blink.
Something hits you.
Casting: Blink
Confirm with . or Enter, or press ? or * to list all spells.
Aiming: Magic Dart
Press: ? - help, Shift-Dir - straight line, f/p - hill giant
Aim: a hill giant, wielding a giant club (heavily wounded)
The magic dart hits something.
Something hits you!
* * * LOW HITPOINT WARNING * * *
Something hits you.
* * * LOW HITPOINT WARNING * * *
Something hits you but does no damage.
You hear the stately tolling of a very distant bell.
Something hits you.
* * * LOW HITPOINT WARNING * * *
It was a potion of haste.
You feel yourself speed up. Something hits you!
You die...

.....$..........#
........).......#
................#
................#
................#
................##
................C###
...................##
................@...#
................#....# ##..
................##...##.....
................# .......$..?
................#
#..........#
................#
#...........#
..............###...........#
...............##...........#
.............................


You could see a hill giant.

Vanquished Creatures
  The ghost of buskinjo the Grappler, a novice DrTm of Uskayaw (D:10)
  Pikel (D:5)
  A hill giant (D:7)
  A cyclops (D:11)
  2 hippogriffs
  Sigmund (D:5)
  Eustachio (D:5)
  A wyvern (D:9)
  8 yaks
  2 orc warriors
  3 ice beasts
  2 sky beasts (D:7)
  3 slaves (D:5)
  4 ogres
  A necrophage (D:9)
  A centaur (D:11)
  2 crocodiles (D:10)
  2 big kobolds
  Blork the orc (D:6)
  4 bullfrogs
  A gnoll sergeant (D:9)
  2 scorpions
  A water moccasin skeleton (D:4)
  A wyvern skeleton (D:9)
  9 killer bees
  7 wights
  3 howler monkeys
  3 crimson imps
  A bullfrog zombie (D:11)
  A centaur zombie (D:5)
  5 orc priests
  5 hounds
  A centaur skeleton (D:4)
  A bullfrog skeleton (D:9)
  Jessica (D:3)
  2 iguanas
  An orc wizard (D:7)
  6 worker ants
  A killer bee zombie (D:5)
  A hound zombie (D:9)
  A worker ant zombie (D:9)
  8 gnolls
  7 adders
  3 oozes (D:1)
  An adder skeleton (D:9)
  2 adder zombies
  A worm (D:2)
  3 dart slugs
  5 leopard geckos
  27 orcs
  7 giant cockroaches
  3 goblins (D:3)
  9 hobgoblins
  21 jackals
  14 kobolds
  A quokka (D:2)
  6 bats
  3 frilled lizards
  8 rats
225 creatures vanquished.

Vanquished Creatures (others)
  A scorpion (D:5)
  A bullfrog zombie (D:5)
  An orc wizard (D:9)
  A plant (D:11)
4 creatures vanquished.

Grand Total: 229 creatures vanquished

Notes
Turn   | Place    | Note
-------+----------+-------------------------------------------
     0 | D:1      | snowfan the Deep Elf Wizard began the quest for the Orb.
     0 | D:1      | Reached XP level 1. HP: 10/10 MP: 7/7
    69 | D:1      | Reached skill level 2 in Conjurations
   121 | D:1      | Reached XP level 2. HP: 5/15 MP: 1/9
   337 | D:1      | Reached skill level 3 in Conjurations
   452 | D:1      | Reached XP level 3. HP: 19/19 MP: 4/10
   978 | D:2      | Reached skill level 4 in Conjurations
  1401 | D:2      | Reached XP level 4. HP: 24/24 MP: 7/12
  1997 | D:3      | Reached skill level 5 in Conjurations
  2203 | D:3      | Noticed Jessica
  2206 | D:3      | Killed Jessica
  2206 | D:3      | Reached XP level 5. HP: 28/28 MP: 5/13
  2388 | D:4      | Noticed an ogre
  2625 | D:4      | Reached skill level 6 in Conjurations
  2870 | D:4      | Reached XP level 6. HP: 32/32 MP: 8/14
  2928 | D:4      | Reached skill level 7 in Conjurations
  2933 | D:4      | Learned a level 3 spell: Conjure Flame
  2936 | D:4      | Learned a level 2 spell: Blink
  2947 | D:4      | Learned a level 2 spell: Repel Missiles
  2951 | D:4      | Learned a level 3 spell: Mephitic Cloud
  2954 | D:4      | Learned a level 2 spell: Slow
  3349 | D:4      | Found a staircase to the Ecumenical Temple.
  3356 | Temple   | Entered the Ecumenical Temple
  3716 | D:4      | Reached skill level 8 in Conjurations
  4010 | D:4      | Reached XP level 7. HP: 26/36 MP: 9/15
  4064 | D:5      | Entered Level 5 of the Dungeon
  4064 | D:5      | Noticed Sigmund
  4077 | D:5      | Killed Sigmund
  4116 | D:5      | Found a bloodstained altar of Trog.
  4129 | D:5      | Noticed Pikel
  4231 | D:5      | Killed Pikel
  4231 | D:5      | Reached XP level 8. HP: 41/41 MP: 3/16
  4352 | D:5      | Found a hazy altar of Hepliaklqana.
  4353 | D:5      | Found a sacrificial altar of Ru.
  4353 | D:5      | Found a glowing golden altar of the Shining One.
  4353 | D:5      | Found a deep blue altar of Sif Muna.
  4355 | D:5      | Found a shattered altar of Ashenzari.
  4355 | D:5      | Found a shimmering altar of Xom.
  4366 | D:5      | Became a worshipper of Sif Muna the Loreminder
  4779 | D:5      | Noticed Eustachio
  4795 | D:5      | Killed Eustachio
  5620 | D:6      | Noticed Blork the orc
  5630 | D:6      | Killed Blork the orc
  5783 | D:6      | Reached skill level 10 in Dodging
  6444 | D:6      | Reached XP level 9. HP: 45/45 MP: 5/17
  6616 | D:7      | Reached skill level 9 in Conjurations
  6699 | D:7      | Noticed a hill giant
  6752 | D:7      | Killed a hill giant
  6752 | D:7      | Reached * piety under Sif Muna
  6752 | D:7      | Reached skill level 10 in Conjurations
  6943 | D:7      | Identified 2 scrolls of acquirement
  6981 | D:7      | HP: 2/45 [orc warrior/battleaxe (10)]
  7444 | D:7      | Reached skill level 11 in Conjurations
  7617 | D:7      | Reached ** piety under Sif Muna
  7951 | D:8      | You fall through a shaft!
  7959 | D:10     | Entered Level 10 of the Dungeon
  8079 | D:10     | Noticed buskinjo's ghost (novice DrTm)
  8110 | D:10     | Killed buskinjo's ghost
  8110 | D:10     | Reached skill level 12 in Conjurations
  8110 | D:10     | Reached XP level 10. HP: 21/50 MP: 6/18
  8779 | D:10     | Found a staircase to the Orcish Mines.
  8790 | D:10     | Found a roughly hewn altar of Beogh.
  9203 | D:9      | Reached *** piety under Sif Muna
  9933 | D:9      | Reached skill level 5 in Spellcasting
 10334 | D:9      | Reached skill level 1 in Invocations
 10760 | D:11     | Noticed a hill giant
 10763 | D:11     | Noticed Josephine
 10883 | D:11     | Reached skill level 5 in Invocations
 11195 | D:11     | Found a staircase to the Lair.
 11201 | D:11     | Noticed a cyclops
 11230 | D:11     | Killed a cyclops
 11230 | D:11     | Reached XP level 11. HP: 41/54 MP: 14/24
 11271 | D:11     | Noticed a hill giant
 11307 | D:11     | Slain by an unseen horror

Skill      XL: |  1  2  3  4  5  6  7  8  9 10 |
---------------+-------------------------------+-----
Conjurations   | 2 3 4 5 6 8 12 | 12.8
Dodging        | 7 10 | 10.6
Translocations | 4 |  4.0
Spellcasting   | 7 |  7.9
Invocations    | 5 |  5.7
Stealth        | |  2.4
Summonings     | |  1.1

Action                   |  1- 3 |  4- 6 |  7- 9 | 10-12 || total
-------------------------+-------+-------+-------+-------++-------
Melee: Short sword       |     6 |    10 |       |       ||    16
       Whip              |       |       |     5 |       ||     5
       Staff             |       |       |     1 |     1 ||     2
 Fire: Hunting sling     |       |     7 |    83 |    41 ||   131
Throw: Stone             |       |       |     5 |       ||     5
 Cast: Magic Dart        |    82 |   149 |   384 |   316 ||   931
       Conjure Flame     |       |     1 |    24 |    34 ||    59
       Repel Missiles    |       |     1 |       |     2 ||     3
       Blink             |       |       |     3 |    12 ||    15
       Mephitic Cloud    |       |       |     2 |    12 ||    14
Invok: Divine Energy     |       |       |     1 |       ||     1
Evoke: Wand              |       |       |     5 |       ||     5
  Use: Potion            |       |     3 |     9 |     1 ||    13
       Scroll            |       |       |    12 |     1 ||    13
 Stab: Sleeping          |     2 |     2 |       |       ||     4
  Eat: Chunk             |     1 |    29 |    31 |    10 ||    71
       Fruit             |       |       |       |     1 ||     1
Armor: Robe              |     4 |     7 |    11 |     9 ||    31
       Skin              |       |       |     7 |       ||     7
Dodge: Dodged            |     9 |    58 |    87 |   116 ||   270
       Deflected         |       |       |     2 |     8 ||    10
